 Dungeon Crawl Stone Soup version 0.31-a0-152-g6aa68a64a1 (webtiles) character file.

Game seed: 17330671640464145917

59 jasper the Caller (level 3, 0/26 HPs)
             Began as a Demigod Summoner on June 9, 2023.
             Killed by nerve-wracking pain
             ... invoked by Jessica
              (12 damage)
             ... on level 2 of the Dungeon.
             The game lasted 00:02:15 (1395 turns).

jasper the Caller (Demigod Summoner)                Turns: 1395, Time: 00:02:15

Health: 0/26       AC:  2    Str:  9    XL:     3   Next: 54%
Magic:  8/8        EV: 11    Int: 21    God:
Gold:   27         SH:  4    Dex: 14    Spells: 0/6 levels left

rFire   . . .        d - +0 short sword
rCold   . . .        g - +0 buckler
rNeg    . . .        a - +0 robe
rPois   .            (no helmet)
rElec   .            (no cloak)
rCorr   +            (no gloves)
SInv    .            (no boots)
Will    .....        (no amulet)
Stlth   ++           e - ring of resist corrosion
HPRegen 0.24/turn    (no ring)
MPRegen 0.11/turn

%: no passive effects
@: no status effects
A: high MP 1, forlorn, divine attributes
a: no special abilities


You were on level 2 of the Dungeon.
You visited 1 branch of the dungeon, and saw 2 of its levels.

You collected 27 gold pieces.

Inventory:

Hand Weapons
 d - a +0 short sword (weapon)
Missiles
 f - 4 poisoned darts
Armour
 a - a +0 robe (worn)
 g - a +0 buckler (worn)
Jewellery
 e - a ring of resist corrosion (left hand)
Scrolls
 h - 3 scrolls of brand weapon {unknown}
 i - a scroll of fear {unknown}
Potions
 b - a potion of magic
 c - a potion of brilliance {unknown}
 j - a potion of degeneration


   Skills:
 - Level 1.7 Dodging
 - Level 1.7 Stealth
 + Level 1.2 Shields
 - Level 2.0 Spellcasting
 - Level 4.6 Summonings


You couldn't memorise any spells.
You knew the following spells:

 Your Spells              Type           Power      Damage    Failure   Level
a - Summon Small Mammal   Summ           84%        N/A       3%          1
b - Call Imp              Summ           42%        N/A       4%          2
c - Call Canine Familiar  Summ           21%        N/A       10%         3

Your spell library contained the following spells:

 Spells                   Type           Power      Damage    Failure   Level
 Summon Guardian Golem    Hex/Summ       11%        N/A       26%         3
 Summon Lightning Spire   Summ/Air       11%        N/A       65%         4


Dungeon Overview and Level Annotations

Branches:
Dungeon (2/15)

Annotations:
D:2 Jessica


Innate Abilities, Weirdness & Mutations

You have an increased reservoir of magic. (+10% MP)
You shall have no god before yourself.
Your divine heritage dramatically boosts your attributes as you level up.


Message History

The frilled lizard bites you.
Your cerulean imp misses the frilled lizard.
You take 2 damage, and have 24/26 hp.
You hit the frilled lizard.
You kill the frilled lizard!
Jessica the Apprentice Sorceress comes into view.
She is wielding a +0 hand axe.
Jessica is nearby!
Jessica is nearby!
A goblin comes into view. It is wielding a +0 club.
The goblin moves out of view.
Health restored: 26 The goblin shouts!
You block Jessica's attack.
Your cerulean imp barely misses Jessica.
You closely miss Jessica. Jessica hits you with a +0 hand axe.
Your cerulean imp closely misses Jessica.
You take 1 damage, and have 25/26 hp.
You hit Jessica.
Jessica is moderately wounded.
Jessica casts a spell at you. Pain shoots through your body!
Your cerulean imp completely misses Jessica.
Jessica closely misses you.
You take 11 damage, and have 14/26 hp.
MASSIVE DAMAGE!!
You hit Jessica.
Jessica is heavily wounded.
Your cerulean imp hits Jessica but does no damage.
You block Jessica's attack.
You closely miss Jessica.
Jessica is heavily wounded.
Your cerulean imp hits Jessica from afar with a -2 spear.
The goblin hits you with a +0 club. Jessica barely misses you.
You take 2 damage, and have 13/26 hp.
You hit the goblin.
The goblin is moderately wounded.
Your cerulean imp hits Jessica but does no damage.
The goblin hits you with a +0 club. Jessica casts a spell at you.
Pain shoots through your body!
You die...

♣ ♣♣P .P.. # .... ####.#
...#..############....##
......@@5..........# #
......g..####.$..#.## #
....................####
........♣.♣.♣.♣.♣.♣....#
....................##..
........♣.♣#♣.♣.♣.♣#####
....P...#..#.......### #
....♣♣P.##.........<.###
. ♣..##..............


You could see Jessica (ally target), a goblin and a friendly cerulean imp
(summoned).

Vanquished Creatures
  A dart slug (D:1)
  2 ball pythons (D:1)
  2 bats (D:1)
  2 goblins
  A hobgoblin (D:2)
  3 jackals (D:2)
  A kobold (D:1)
  2 frilled lizards
  A rat (D:1)
15 creatures vanquished.

Vanquished Creatures (collateral kills)
  2 adders (D:2)
  A worm (D:2)
  2 dart slugs (D:1)
  4 ball pythons
  2 hobgoblins (D:1)
  A quokka (D:1)
  A bat (D:1)
  2 frilled lizards (D:1)
  A goblin (D:1)
  A kobold (D:1)
  2 rats (D:1)
19 creatures vanquished.

Grand Total: 34 creatures vanquished

Notes
Turn   | Place    | Note
-------+----------+-------------------------------------------
     0 | D:1      | jasper the Demigod Summoner began the quest for the Orb.
     0 | D:1      | Reached XP level 1. HP: 14/14 MP: 5/5
   263 | D:1      | Reached skill level 4 in Summonings
   318 | D:1      | Reached XP level 2. HP: 20/20 MP: 4/7
   329 | D:1      | Learned a level 2 spell: Call Imp
  1179 | D:2      | Reached XP level 3. HP: 11/26 MP: 6/8
  1183 | D:2      | Learned a level 3 spell: Call Canine Familiar
  1312 | D:2      | Reached skill level 1 in Shields
  1386 | D:2      | Noticed Jessica
  1395 | D:2      | Killed from afar by Jessica

Illustrated notes

Levels and vault maps discovered:
D:1:      co_arrival_random_square_maze, layout_basic,
          chequers_decorated_corner, kennysheep_pointless_box,
          minmay_shallow_snake_nest
D:2:      layout_rooms, serial_forest, infiniplex_forest_lined_3,
          infiniplex_forest_clump_diagonal, infiniplex_forest_clump_large,
          infiniplex_forest_clump_small, infiniplex_forest_lined_4_way,
          infiniplex_forest_clump_long, infiniplex_forest_clump_medium,
          infiniplex_forest_clump_small, infiniplex_forest_straight_5,
          uniq_jessica, uniq_terence

Skill      XL: |  1  2  3 |
---------------+----------+-----
Spellcasting   | 2 |  2.0
Summonings     | 4 |  4.6
Shields        | 1 |  1.2
Dodging        | |  1.7
Stealth        | |  1.7

Action                     || total
---------------------------++-------
  Melee: Short sword       ||    63
         Unarmed           ||     4
   Cast: Summon Small Mamm ||    12
         Call Imp          ||    14
    Use: Scroll            ||     4
         Potion            ||     1
   Stab: Distracted        ||     2
 Armour: Robe              ||    10
  Dodge: Dodged            ||    47
  Block: Buckler           ||     2

Table legend: (Time is in decaauts)
 A = Elapsed time spent in this place.
 B = Non-inter-level travel time spent in this place.
 C = Inter-level travel time spent in this place.
 D = Time resting spent in this place.
 E = Time spent auto-exploring this place.
 F = Levels seen in this place.
 G = Mean time per level.
                   A        B        C        D        E       F      G
               +--------+--------+--------+--------+--------+-----+--------+
         Total |   1375 |   1343 |     32 |     36 |    982 |   2 |  687.5 |
       Dungeon |   1375 |   1343 |     32 |     36 |    982 |   2 |  687.5 |
               +--------+--------+--------+--------+--------+-----+--------+

Top non-repeatable levels by time:
     D:1: 1110 daAuts
     D:2: 265 daAuts
